 Dungeon Crawl Stone Soup version 0.19.0-9-gfd783f2 (webtiles) character file.

136 dobroeutro the Archer (level 4, -3/36 HPs)
             Began as a Centaur Hunter on Nov 7, 2016.
             Slain by Xiguana's ghost (7 damage)
             ... on level 3 of the Dungeon.
             The game lasted 00:03:06 (2468 turns).

dobroeutro the Archer (Centaur Hunter)              Turns: 2468, Time: 00:03:07

Health: -3/36      AC:  6    Str: 15    XL:     4   Next: 98%
Magic:  4/4        EV:  9    Int: 10    God:
Gold:   65         SH:  0    Dex: 10    Spells: 0 memorised, 3 levels left

rFire  . . .     SeeInvis .     r - +1 mace (protect)
rCold  . . .     Gourm    .     c - +0 leather armour
rNeg   . . .     Faith    .     (no shield)
rPois  .         Spirit   .     s - +0 helmet
rElec  .         Reflect  .     q - +0 cloak
rCorr  .         Harm     .     (no gloves)
MR     .....                    (no barding)
Stlth  +.........               (no amulet)
                                (no ring)
                                (no ring)

@: very quick
A: hooves 3, deformed body, speed 2, tough skin 3
a: no special abilities


You were on level 3 of the Dungeon.
You were hungry.

You visited 1 branch of the dungeon, and saw 3 of its levels.

You collected 65 gold pieces.

Inventory:

Hand Weapons
 a - a +1 shortbow
 r - a +1 mace of protection (weapon)
Armour
 c - a +0 leather armour (worn)
 q - a +0 cloak (worn)
 s - a +0 helmet (worn)
Scrolls
 e - a scroll of teleportation {unknown}
 i - a scroll of enchant armour {unknown}
 m - 2 scrolls of identify {unknown}
 n - 2 scrolls of remove curse {unknown}
 t - a scroll of enchant weapon {unknown}
 u - a scroll of amnesia {unknown}
Potions
 h - a potion of invisibility {unknown}
 j - a potion of flight {unknown}
 k - a potion of might {unknown}
 o - 2 potions of curing
 p - a potion of resistance {unknown}
Comestibles
 f - 3 bread rations
 g - 4 fruits
 l - a royal jelly


   Skills:
 - Level 2.0 Fighting
 + Level 8.3 Bows
 - Level 1.3 Dodging
 - Level 0.4 Stealth


You had 3 spell levels left.
You didn't know any spells.

Dungeon Overview and Level Annotations

Branches:
Dungeon (3/15)

Altars:

Annotations:
D:3 Xiguana's ghost, amateur HESk


Innate Abilities, Weirdness & Mutations

You have hooves in place of feet.
Armour fits poorly on your strangely shaped body.
You cover ground very quickly.
You have extremely tough skin. (AC +3)


Message History

You hit Xiguana's ghost.
Xiguana's ghost is almost destroyed.
Xiguana's ghost hits you but does no damage.
You closely miss Xiguana's ghost.
You kick Xiguana's ghost, but do no damage.
Xiguana's ghost is almost destroyed.
Xiguana's ghost hits you but does no damage.
You barely miss Xiguana's ghost.
Xiguana's ghost is almost destroyed.
Xiguana's ghost gestures wildly while chanting.
Xiguana's ghost's wounds begin to heal before your eyes!
Xiguana's ghost barely misses you.
You barely miss Xiguana's ghost. Your kick misses Xiguana's ghost.
Xiguana's ghost is almost destroyed.
Xiguana's ghost hits you.
* * * LOW HITPOINT WARNING * * *
You barely miss Xiguana's ghost. You kick Xiguana's ghost.
Xiguana's ghost is almost destroyed.
Xiguana's ghost barely misses you. Xiguana's ghost hits you!
You die...

######## #..)...# #####
#......# # ...# #......#
(...######.######......#
(>..((($....W@††<..)...#
#.#.############.......#
........<###+###
#######.## #.##
##.......####..########
.'.......†.............
#.......#####..#######
#.........# ##.# ###
#......##.# #.# #..


You could see Xiguana's ghost.

Vanquished Creatures
  Terence (D:3)
  3 gnolls (D:3)
  2 adders
  3 worms
  A leopard gecko (D:3)
  4 orcs (D:3)
  2 giant cockroaches (D:1)
  5 goblins
  4 hobgoblins
  7 jackals (D:3)
  A quokka (D:3)
  2 ball pythons (D:3)
  6 bats
  2 frilled lizards (D:1)
  4 kobolds
  3 rats
50 creatures vanquished.

Vanquished Creatures (others)
  A plant (D:3)
1 creature vanquished.

Grand Total: 51 creatures vanquished

Notes
Turn   | Place    | Note
-------+----------+-------------------------------------------
     0 | D:1      | dobroeutro the Centaur Hunter began the quest for the Orb.
     0 | D:1      | Reached XP level 1. HP: 17/17 MP: 1/1
   268 | D:1      | Reached XP level 2. HP: 20/24 MP: 2/2
   574 | D:1      | Reached skill level 6 in Bows
   707 | D:1      | HP: 1/24 [adder (2)]
   962 | D:2      | HP: 1/24 [worm (7)]
   963 | D:2      | Reached XP level 3. HP: 1/29 MP: 3/3
  1480 | D:2      | You fall through a shaft!
  1480 | D:3      | Noticed Terence
  1505 | D:3      | Killed Terence
  1505 | D:3      | Reached skill level 7 in Bows
  1754 | D:3      | Reached XP level 4. HP: 21/36 MP: 4/4
  2137 | D:3      | Reached skill level 8 in Bows
  2430 | D:3      | Noticed Xiguana's ghost (amateur HESk)
  2468 | D:3      | Slain by Xiguana's ghost

Skill      XL: |  1  2  3  4 |
---------------+-------------+-----
Bows           | 6 7 8 |  8.3
Fighting       | |  2.0
Dodging        | |  1.3
Stealth        | |  0.4

Action                   |  1- 3 |  4- 6 || total
-------------------------+-------+-------++-------
Melee: Short sword       |   105 |    26 ||   131
       Kick              |    17 |    14 ||    31
       Mace              |       |    36 ||    36
 Fire: Shortbow          |    21 |    38 ||    59
  Use: Potion            |     2 |       ||     2
  Eat: Chunk             |     2 |     1 ||     3
Armor: Leather armour    |    70 |    29 ||    99
Dodge: Dodged            |    83 |    35 ||   118
